[Event "Team 45 45 League T63"]
[Site "Internet Chess Club"]
[Date "2014.12.21"]
[Round "4"]
[White "rayfincle"]
[Black "MetaGod"]
[Result "1-0"]
[WhiteElo "1541"]
[BlackElo "1612"]
[Opening "Nimzo-Indian: three knights variation"]
[ECO "E21"]
[Time "12:00:14"]
[TimeControl "2700+45"]

1. d4 Nf6 2. Nf3 e6 3. c4 Bb4+ 4. Nc3 b6 5. a3 Bxc3+ 6. bxc3 Bb7 7. Bg5 O-O 8.
e3 h6 9. Bh4 d6 10. Bd3 Nbd7 11. O-O Qc8 12. Nd2 c5 13. e4 Rd8 14. d5 Ne5 15.
Bxf6 gxf6 16. Be2 Kh8 17. f4 Ng6 18. f5 exf5 19. exf5 Nh4 20. Ne4 Rg8 21. Rf2
Qf8 22. g3 Bc8 23. Bd3 Bxf5 24. Nxf6 {Black resigns} 1-0

[Event "Team 45 45 League T63"]
[Site "Internet Chess Club"]
[Date "2014.12.21"]
[Round "4"]
[White "TimeCo"]
[Black "evan7284"]
[Result "0-1"]
[WhiteElo "1406"]
[BlackElo "1657"]
[Opening "Petrov: modern (Steinitz) attack"]
[ECO "C43"]
[Time "10:02:06"]
[TimeControl "2700+45"]

1. e4 e5 2. Nf3 Nf6 3. d4 exd4 4. Nxd4 Nxe4 5. Qe2 Qe7 6. Nb5 Na6 7. N1c3 Nxc3
8. Qxe7+ Bxe7 9. Nxc3 Nb4 10. Bd3 Nxd3+ 11. cxd3 c6 12. O-O d5 13. Bf4 O-O 14.
Rfe1 Be6 15. d4 Rfe8 16. a3 Bf6 17. Rad1 Bf5 18. Be5 Bxe5 19. dxe5 g5 20. Rd2
Re6 21. g3 g4 22. Kg2 Rae8 23. Nxd5 cxd5 24. Rxd5 f6 25. Rd7 Rxe5 26. Rxe5 Rxe5
27. Rd2 Kf7 28. f4 gxf3+ 29. Kxf3 Ke6 30. Kf4 Bg6 31. g4 Rd5 32. Re2+ Kd6 33. h4
h5 34. g5 fxg5+ 35. hxg5 Rf5+ 36. Kg3 Rxg5+ 37. Kh4 Rg4+ 38. Kh3 Rd4 39. Rg2
Bf5+ 40. Kh2 Rh4+ 41. Kg1 Rg4 42. Kh2 Rxg2+ 43. Kxg2 Kd5 44. Kg3 Bg4 45. Kh4 Kc4
46. b4 Kb3 47. b5 Kxa3 48. b6 axb6 49. Kg3 b5 50. Kf2 b4 51. Ke3 h4 52. Kf2 b3
53. Kg1 b2 54. Kh2 b1=Q 55. Kg2 Qe4+ 56. Kh2 Qe2+ 57. Kh1 Bf3+ {White resigns}
0-1

[Event "Team 45 45 League T63"]
[Site "Internet Chess Club"]
[Date "2014.12.17"]
[Round "4"]
[White "JustinL"]
[Black "qs16"]
[Result "1-0"]
[WhiteElo "2002"]
[BlackElo "1743"]
[Opening "Queen's pawn: Torre attack"]
[ECO "A46"]
[Time "16:01:30"]
[TimeControl "2700+45"]

1. d4 Nf6 2. Nf3 e6 3. Bg5 Be7 4. Bxf6 Bxf6 5. e4 d6 6. Bd3 Nd7 7. O-O O-O 8.
Re1 b6 9. e5 Be7 10. c3 Bb7 11. Nbd2 h6 12. Re3 dxe5 13. Nxe5 Bg5 14. Rh3 Nxe5
15. dxe5 Bxd2 16. Qxd2 Be4 17. Re1 Bxd3 18. Rxd3 Qe7 19. Rd7 Qc5 20. h3 Rac8 21.
Re3 Qb5 22. b3 a5 23. f4 a4 24. c4 Qc5 25. Kh2 axb3 26. axb3 c6 27. Rg3 Ra8 28.
b4 Qxc4 29. f5 Kh7 30. Rd4 Qf1 31. f6 Rg8 32. Rh4 {Black resigns} 1-0

[Event "Team 45 45 League T63"]
[Site "Internet Chess Club"]
[Date "2014.12.22"]
[Round "4"]
[White "KnightOfLight"]
[Black "kidcobra"]
[Result "1/2-1/2"]
[WhiteElo "1730"]
[BlackElo "1760"]
[Opening "Trompowsky attack (Ruth, Opocenský opening)"]
[ECO "A45"]
[Time "19:04:10"]
[TimeControl "2700+45"]

1. d4 Nf6 2. Bg5 Ne4 3. Bh4 d5 4. f3 Nf6 5. Nc3 e6 6. a3 c5 7. e4 Be7 8. Bxf6
Bxf6 9. e5 Be7 10. Bb5+ Bd7 11. Bxd7+ Nxd7 12. Nge2 cxd4 13. Qxd4 O-O 14. f4 f6
15. exf6 Bxf6 16. Qe3 e5 17. Nxd5 Qa5+ 18. Ndc3 Rae8 19. f5 e4 20. O-O Bxc3 21.
Nxc3 Rxf5 22. Rxf5 Qxf5 23. Rf1 Qc5 24. Qxc5 Nxc5 25. b4 Ne6 26. Nxe4 Nd4 27.
Nd6 Re6 28. Nxb7 Nxc2 29. Nc5 Re3 30. Nd7 g6 31. Rf3 Rxf3 32. gxf3 Nxa3 33. Kf2
Nc2 34. b5 Nd4 35. b6 axb6 36. Nxb6 Kf7 37. Ke3 Ne6 38. Nd5 Ng7 39. Ke4 Ke6 40.
Nf4+ Kf6 41. Nh3 Ne6 42. f4 g5 43. fxg5+ Nxg5+ 44. Nxg5 Kxg5 45. Kf3 h5 46. Kg3
h4+ 47. Kf3 h3 48. Kg3 Kh5 {Game drawn by mutual agreement} 1/2-1/2

[Event "Team 45 45 League T63"]
[Site "Internet Chess Club"]
[Date "2014.12.19"]
[Round "4"]
[White "KidRattler"]
[Black "Lrn2Mate"]
[Result "0-1"]
[WhiteElo "1472"]
[BlackElo "1582"]
[Opening "Scandinavian (center counter) defense"]
[ECO "B01"]
[Time "07:00:27"]
[TimeControl "2700+45"]

1. e4 d5 2. exd5 Qxd5 3. Nc3 Qd8 4. Nf3 Nf6 5. Bc4 a6 6. d3 Bg4 7. Ne5 Be6 8.
Bxe6 fxe6 9. Ne4 Nxe4 10. Qh5+ g6 11. Nxg6 Nf6 12. Ne5+ Nxh5 13. O-O Qd5 14. Re1
Rg8 15. f3 Nc6 16. c4 Qd4+ 17. Kh1 {White resigns} 0-1

[Event "Team 45 45 League T63"]
[Site "Internet Chess Club"]
[Date "2014.12.17"]
[Round "4"]
[White "Sunny2002"]
[Black "JRussell2"]
[Result "1-0"]
[WhiteElo "1487"]
[BlackElo "1441"]
[Opening "KGA: Hanstein gambit"]
[ECO "C38"]
[Time "09:11:56"]
[TimeControl "2700+45"]

1. e4 e5 2. f4 exf4 3. Nf3 g5 4. Bc4 Bg7 5. O-O d6 6. d4 Bg4 7. Qe1 Bxf3 8. Rxf3
Bxd4+ 9. Kh1 Nc6 10. g3 Ne5 11. Rf1 Nxc4 12. Qb4 Ne3 13. Qxd4 Qf6 14. Bxe3 O-O-O
15. Qxf6 Nxf6 16. gxf4 gxf4 17. Rxf4 Nh5 18. Rxf7 d5 19. exd5 Rxd5 20. Nc3 Re5
21. Bd4 {Black resigns} 1-0

[Event "Team 45 45 League T63"]
[Site "Internet Chess Club"]
[Date "2014.12.17"]
[Round "4"]
[White "JeffH"]
[Black "Portola"]
[Result "0-1"]
[WhiteElo "1710"]
[BlackElo "1830"]
[Opening "French: exchange variation"]
[ECO "C01"]
[Time "20:00:40"]
[TimeControl "2700+45"]

1. e4 e6 2. d4 d5 3. exd5 exd5 4. c4 c6 5. Nc3 Nf6 6. Nf3 Be7 7. cxd5 cxd5 8. h3
O-O 9. Bd3 h6 10. O-O a6 11. Re1 Nc6 12. a3 Be6 13. Bf4 Bd6 14. Ne2 Qb8 15. Bxd6
Qxd6 16. Ng3 Rac8 17. Qd2 Rc7 18. Rac1 Rfc8 19. Bf5 Bxf5 20. Nxf5 Qf8 21. Ng3
Nd7 22. Qf4 Nb6 23. Re2 Nc4 24. Nf5 Rd7 25. Qg4 g6 26. Ne3 Nb6 27. Rce1 Rcd8 28.
Nf5 Kh8 29. Ne3 Re7 30. Qf4 Rde8 31. Kf1 Re6 32. Ne5 Nxe5 33. dxe5 Qg7 34. Ng4
h5 35. Nf6 Rc8 36. Qf3 Rc5 37. Qd3 Qh6 38. Qf3 Nc4 39. Rd1 Nxe5 40. Rxe5 Rxe5
41. Nd7 Rf5 42. Qe2 Rc8 43. Qe7 Qf4 44. Qe1 Qh2 45. f3 Qh1+ 46. Kf2 Rc2+ 47. Rd2
Qxe1+ 48. Kxe1 Rxd2 49. Kxd2 Rg5 50. g4 hxg4 51. hxg4 d4 52. Kd3 Rd5 53. Nb6 Rd8
54. Nc4 Kg7 55. f4 f6 56. Nd2 f5 57. g5 Kf7 58. Nb3 Re8 59. Nxd4 Re4 60. Ne2 Ke7
61. b3 Kd6 62. b4 b6 63. Kd2 a5 64. Kd3 axb4 65. axb4 Rxb4 66. Nd4 Kd5 67. Nc2
Rxf4 {White resigns} 0-1

[Event "Team 45 45 League T63"]
[Site "Internet Chess Club"]
[Date "2014.12.21"]
[Round "4"]
[White "WillC"]
[Black "okieman888"]
[Result "1-0"]
[WhiteElo "1740"]
[BlackElo "1540"]
[Opening "QGD Slav: 3.Nf3"]
[ECO "D11"]
[Time "15:30:33"]
[TimeControl "2700+45"]

1. d4 d5 2. c4 c6 3. Nf3 Nf6 4. Bf4 dxc4 5. a4 b5 6. axb5 cxb5 7. b3 e5 8. Nxe5
Bb4+ 9. Bd2 Qxd4 10. Bxb4 Qxa1 11. Bc3 Qa2 12. bxc4 bxc4 13. e3 Be6 14. Be2 O-O
15. Bf3 Nd5 16. O-O Nxc3 17. Nxc3 Qa5 18. Qd4 Rd8 19. Qf4 Qxc3 20. Bxa8 f6 21.
Nf3 Nd7 22. Qd6 Bf7 23. Bc6 Qd3 24. Nd4 Qc3 25. Qc7 {Black resigns} 1-0

[Event "Team 45 45 League T63"]
[Site "Internet Chess Club"]
[Date "2014.12.22"]
[Round "4"]
[White "jjaillet2007"]
[Black "rubo"]
[Result "1-0"]
[WhiteElo "1336"]
[BlackElo "1643"]
[Opening "English: symmetrical, Benoni formation"]
[ECO "A31"]
[Time "16:07:05"]
[TimeControl "2700+45"]

1. d4 Nf6 2. c4 c5 3. Nf3 cxd4 4. Nxd4 e5 5. Nf3 e4 6. Nd4 d5 7. Nc3 dxc4 8.
Qa4+ Bd7 9. Qxc4 Nc6 10. Bg5 Bb4 11. Nxc6 Bxc3+ 12. Qxc3 Bxc6 13. Qe5+ Qe7 14.
Bxf6 gxf6 15. Qxe7+ Kxe7 16. e3 Rad8 17. Rd1 Rxd1+ 18. Kxd1 Rd8+ 19. Kc1 Bd5 20.
b3 a5 21. Bb5 Rc8+ 22. Kd2 Rc5 23. Be2 a4 24. b4 Rc8 25. Rc1 Rxc1 26. Kxc1 Bxa2
27. Kb2 Bb3 28. Bb5 Kd6 29. Ka3 Kd5 30. g4 h6 31. Bxa4 Bxa4 32. Kxa4 Kc4 33. Ka5
b5 34. h4 f5 35. gxf5 f6 36. h5 Kd3 37. Kxb5 Ke2 38. Kc5 Kxf2 39. b5 Kxe3 40. b6
Kf4 41. b7 Kxf5 42. b8=Q Kg5 43. Qe8 Kf4 44. Qg6 f5 45. Qxh6+ Kf3 46. Qc6 Ke3
47. h6 f4 48. h7 f3 49. h8=Q Kd3 50. Qd4+ {Black resigns} 1-0

[Event "Team 45 45 League T63"]
[Site "Internet Chess Club"]
[Date "2014.12.21"]
[Round "4"]
[White "g8wrb"]
[Black "stantheman59"]
[Result "1/2-1/2"]
[WhiteElo "1265"]
[BlackElo "1215"]
[Opening "Ruy Lopez (Spanish opening)"]
[ECO "C60"]
[Time "15:03:35"]
[TimeControl "2700+45"]

1. e4 e5 2. Nf3 Nc6 3. Bb5 Bd6 4. O-O Nge7 5. c3 O-O 6. d4 a6 7. Ba4 b5 8. Bb3
Na5 9. Bc2 Ng6 10. Bg5 Be7 11. Qd2 Nc4 12. Bxe7 Qxe7 13. Qc1 d6 14. h3 Bb7 15.
b3 Nb6 16. Re1 Rad8 17. Qe3 Nf4 18. Nbd2 d5 19. dxe5 dxe4 20. Bxe4 Bxe4 21. Qxe4
Nd3 22. Re3 Nc5 23. Qf5 Nd5 24. Ree1 Nxc3 25. Ng5 g6 26. Qf4 Nd3 27. Qe3 Nxe1
28. Rxe1 Nd5 29. Qg3 Qb4 30. Ndf3 Qf4 31. Qxf4 Nxf4 32. e6 fxe6 33. Nxe6 Nxe6
34. Rxe6 Rfe8 35. Rxa6 Ra8 36. Rc6 Rxa2 37. Rxc7 Rb8 38. Ng5 h6 39. Ne6 Kh8 40.
Rg7 g5 41. Rf7 Re8 42. Nd4 Re5 43. Rb7 Re1+ 44. Kh2 Rxf2 45. Rxb5 Rd1 46. Nf3
Rd3 47. Kg3 Rb2 48. Rb6 Rdxb3 49. Rxh6+ Kg7 50. Rc6 Rb6 51. Rc5 R6b5 52. Rxg5+
Rxg5+ 53. Nxg5 Rb3+ 54. Kg4 Rb4+ 55. Kh5 Rb5 56. h4 Rb2 57. g3 Rb3 58. Kg4 Rb4+
59. Kf5 Rb5+ 60. Kf4 Rb4+ 61. Ne4 Kg6 62. Kf3 Rb3+ 63. Kg4 Rb4 64. Kf3 Rb3+ 65.
Ke2 Kh5 66. Nf6+ Kg6 67. Ne4 Kh5 {Game drawn by mutual agreement} 1/2-1/2

[Event "Team 45 45 League T63"]
[Site "Internet Chess Club"]
[Date "2014.12.20"]
[Round "4"]
[White "anishio"]
[Black "Tjet"]
[Result "1-0"]
[WhiteElo "1708"]
[BlackElo "1574"]
[Opening "King's pawn opening"]
[ECO "B07"]
[Time "19:01:55"]
[TimeControl "2700+45"]

1. e4 d6 2. d4 e5 3. dxe5 dxe5 4. Qxd8+ Kxd8 5. Nc3 Bd6 6. Be3 Be6 7. Nf3 f6 8.
O-O-O Ke7 9. Kb1 Nc6 10. a3 Nh6 11. h3 g5 12. g4 a6 13. Be2 b5 14. Nd5+ Bxd5 15.
exd5 Na5 16. b4 Nb7 17. Nd2 Nf7 18. Ne4 a5 19. c3 axb4 20. axb4 Ra3 21. Kb2 Rha8
22. Ra1 Rxa1 23. Rxa1 Rxa1 24. Kxa1 Nh8 25. Bxb5 Ng6 26. Bc6 Nd8 27. b5 Nf4 28.
Bxf4 exf4 29. f3 Nxc6 30. dxc6 Be5 31. Ka2 Ke6 32. c4 Bd4 33. Kb3 h6 34. Kb4 Ke5
35. Nc5 {Black resigns} 1-0

[Event "Team 45 45 League T63"]
[Site "Internet Chess Club"]
[Date "2014.12.20"]
[Round "4"]
[White "browndeer"]
[Black "dabodhi"]
[Result "0-1"]
[WhiteElo "1528"]
[BlackElo "1371"]
[Opening "French: Tarrasch, open variation"]
[ECO "C07"]
[Time "20:00:46"]
[TimeControl "2700+45"]

1. e4 e6 2. d4 d5 3. Nd2 c5 4. exd5 Qxd5 5. dxc5 Bxc5 6. Ngf3 Nf6 7. Bc4 Qc6 8.
a4 O-O 9. h3 Nbd7 10. O-O b6 11. Bb5 Qc7 12. Re1 a6 13. Bd3 Bb7 14. Qe2 Bd5 15.
Bxa6 Bb4 16. c3 Bd6 17. Bd3 Nc5 18. Bc2 Rfe8 19. b4 Ncd7 20. Bb2 e5 21. Ne4 Nxe4
22. Bxe4 Bxe4 23. Qxe4 Nf6 24. Qe2 e4 25. Nd4 Be5 26. Nb5 Qc6 27. Rec1 Bf4 28.
Rd1 e3 29. fxe3 Bxe3+ 30. Kh1 Bc1 31. Qc2 Bxb2 32. Qxb2 Ne4 33. Rdc1 Ng3+ 34.
Kh2 Re2 35. Qxe2 Nxe2 36. Rd1 Nxc3 37. Na7 Qc7+ 38. Kh1 Nxd1 39. Rxd1 Qxa7 40.
a5 bxa5 41. bxa5 Qxa5 42. Kh2 Qe5+ 43. Kh1 Ra1 44. Rxa1 Qxa1+ 45. Kh2 Qe5+ 46.
Kg1 g5 47. Kf2 Qe4 48. Kg1 f5 49. Kh2 h5 50. Kg1 g4 51. hxg4 fxg4 52. Kh2 h4 53.
Kg1 h3 54. gxh3 gxh3 55. Kf1 Qf3+ 56. Ke1 h2 57. Kd2 h1=Q 58. Kc2 Qh2+ 59. Kc1
Qf1# {White checkmated} 0-1

[Event "Team 45 45 League T63"]
[Site "Internet Chess Club"]
[Date "2014.12.20"]
[Round "4"]
[White "KingOfClubs"]
[Black "almond123"]
[Result "1/2-1/2"]
[WhiteElo "1340"]
[BlackElo "1487"]
[Opening "Ruy Lopez: classical defense, 4.c3"]
[ECO "C44"]
[Time "15:00:44"]
[TimeControl "2700+45"]

1. e4 e5 2. Nf3 Nc6 3. c3 Bc5 4. Bb5 a6 5. Ba4 Nf6 6. O-O b5 7. Bb3 d6 8. d4 Bb6
9. Bg5 exd4 10. cxd4 Bg4 11. e5 dxe5 12. dxe5 Qxd1 13. Bxd1 Nd7 14. h3 Bh5 15.
g4 Bg6 16. Bf4 O-O 17. Nbd2 Rfe8 18. Re1 Nb4 19. Bg3 Bc2 20. Be2 Bd3 21. Bxd3
Nxd3 22. Re2 Ba5 23. Nb3 Bb6 24. Rd1 N3c5 25. Nxc5 Nxc5 26. b4 Ne6 27. h4 Rad8
28. Rf1 Nd4 29. Nxd4 Bxd4 30. e6 Bb6 31. exf7+ Kxf7 32. Rc2 Rd7 33. Kg2 Re4 34.
f3 Rxb4 35. Rfc1 c5 36. Bf2 Rc7 37. Bxc5 Bxc5 38. Rxc5 Rxc5 39. Rxc5 Rc4 40.
Rf5+ Ke7 41. Re5+ Kf6 42. Re2 Ra4 43. Kg3 g5 44. hxg5+ Kxg5 45. Re5+ Kf6 46. Re2
Ra3 47. Rf2 b4 48. Kf4 h6 49. Rb2 a5 50. Ke4 Rc3 51. f4 Rc4+ 52. Kf3 a4 53. Rh2
Rc3+ 54. Ke4 Rc4+ 55. Ke3 Kg7 56. g5 hxg5 57. fxg5 Kg6 58. Rg2 b3 59. axb3 axb3
60. Kd3 Rc7 61. Rb2 Rd7+ 62. Kc4 Rc7+ 63. Kxb3 Rb7+ 64. Ka2 Rxb2+ 65. Kxb2 Kxg5
{Game drawn because neither player has mating material} 1/2-1/2

[Event "Team 45 45 League T63"]
[Site "Internet Chess Club"]
[Date "2014.12.20"]
[Round "4"]
[White "Elalfer"]
[Black "viktory"]
[Result "1-0"]
[WhiteElo "1554"]
[BlackElo "1553"]
[Opening "QGD: Semi-Tarrasch, 5.cd"]
[ECO "D41"]
[Time "12:00:36"]
[TimeControl "2700+45"]

1. d4 d5 2. c4 e6 3. Nc3 Nf6 4. Nf3 c5 5. cxd5 exd5 6. Bg5 c4 7. g3 Nbd7 8. Nxd5
Qa5+ 9. Nc3 Bb4 10. Bd2 Nb6 11. a3 Bxc3 12. Bxc3 Qb5 13. Bg2 O-O 14. O-O Nbd5
15. Qc2 Nxc3 16. bxc3 Bf5 17. Qc1 Rfe8 18. e3 Nd7 19. a4 Qb6 20. Nd2 Bd3 21. Re1
Re6 22. Bf1 Bxf1 23. Rxf1 Qc6 24. Qd1 Rf6 25. Qe2 Rc8 26. Rfb1 a5 27. Rb5 b6 28.
Qf1 Rh6 29. Qg2 Qg6 30. Qe4 f6 31. Qxg6 hxg6 32. Kg2 Kf7 33. h4 Rh5 34. Rab1 Ke6
35. f4 {Black resigns} 1-0

[Event "Team 45 45 League T63"]
[Site "Internet Chess Club"]
[Date "2014.12.21"]
[Round "4"]
[White "moodle"]
[Black "Berke"]
[Result "0-1"]
[WhiteElo "1755"]
[BlackElo "1630"]
[Opening "Four knights: Spanish variation"]
[ECO "C48"]
[Time "17:00:33"]
[TimeControl "2700+45"]

1. e4 e5 2. Nf3 Nc6 3. Nc3 Nf6 4. Bb5 d6 5. d4 exd4 6. Nxd4 Bd7 7. Nf3 Be7 8.
O-O O-O 9. Re1 Ng4 10. h3 Nge5 11. Bxc6 Nxc6 12. Bf4 Bf6 13. Qd2 Re8 14. Rab1
Ne5 15. Qe2 Bc6 16. Nxe5 Bxe5 17. Bxe5 Rxe5 18. f4 Re6 19. Rbd1 Qh4 20. Qg4 Qxg4
21. hxg4 Rae8 22. Rd4 g6 23. Kf2 a6 24. Re3 Kg7 25. Kf3 R8e7 26. Nd5 Bxd5 27.
Rxd5 c6 28. Rdd3 f6 29. f5 gxf5 30. exf5 Rxe3+ 31. Rxe3 Rxe3+ 32. Kxe3 h6 33.
Kd4 Kf7 34. Kc4 Ke7 35. a3 Kd7 36. Kb4 Kc7 37. Ka5 c5 38. c3 Kc6 39. Ka4 b6 40.
Kb3 d5 41. Kc2 a5 42. Kd3 Kd6 43. g3 Ke5 44. b3 b5 45. Kd2 Ke4 46. Ke2 b4 47.
cxb4 cxb4 48. axb4 axb4 49. Kd2 Kf3 50. Kd3 Kxg3 51. Kd4 Kxg4 52. Kxd5 h5 53.
Ke6 Kg5 54. Kd5 h4 55. Ke4 h3 56. Kf3 Kxf5 57. Kg3 h2 58. Kxh2 Ke4 59. Kg2 Kd4
60. Kf2 Kc3 61. Ke3 Kxb3 62. Kd3 Kb2 63. Kd2 b3 64. Kd1 Kb1 65. Kd2 b2 66. Kd1
Ka2 {White resigns} 0-1

[Event "Team 45 45 League T63"]
[Site "Internet Chess Club"]
[Date "2014.12.20"]
[Round "4"]
[White "karthikkallam"]
[Black "Tribe97"]
[Result "1-0"]
[WhiteElo "1301"]
[BlackElo "1461"]
[Opening "Sicilian: closed"]
[ECO "B23"]
[Time "10:31:55"]
[TimeControl "2700+45"]

1. e4 c5 2. Nc3 e6 3. f4 Nc6 4. Nf3 a6 5. d3 d5 6. exd5 exd5 7. Qe2+ Nge7 8. Be3
d4 9. Ne4 dxe3 10. Qxe3 Nd5 11. Qf2 Nxf4 12. Qe3 Ne6 13. Nfg5 Nxg5 14. Nf6#
{Black checkmated} 1-0

[Event "Team 45 45 League T63"]
[Site "Internet Chess Club"]
[Date "2014.12.22"]
[Round "4"]
[White "clarinetref"]
[Black "BotanicalKnight"]
[Result "0-1"]
[WhiteElo "1589"]
[BlackElo "1561"]
[Opening "Caro-Kann defense"]
[ECO "B15"]
[Time "22:07:06"]
[TimeControl "2700+45"]

1. e4 c6 2. d4 d5 3. Nc3 dxe4 4. Nxe4 Nf6 5. Ng3 c5 6. Be3 e6 7. Bb5+ Bd7 8. Qe2
Qa5+ 9. Qd2 Qxd2+ 10. Kxd2 Bxb5 11. dxc5 Nbd7 12. a4 Bc6 13. Nf3 Bxf3 14. gxf3
Bxc5 15. c3 O-O-O 16. Ke2 Bxe3 17. fxe3 Nb6 18. b3 Rd7 19. a5 Nbd5 20. Rhc1 Rhd8
21. Ra4 Ne7 22. Rc4+ Kb8 23. Rd4 Nc6 24. Rxd7 Rxd7 25. b4 a6 26. Nf1 Ne5 27. Nd2
Nd5 28. Ne4 Nc4 29. Nc5 Rc7 30. e4 Nf4+ 31. Kf1 Rc8 32. Re1 Nd2+ 33. Kf2 Rxc5
34. bxc5 Nd3+ 35. Ke2 Nxe1 36. Kxd2 Nxf3+ 37. Ke3 Nxh2 38. Kf4 Kc7 {White
resigns} 0-1

[Event "Team 45 45 League T63"]
[Site "Internet Chess Club"]
[Date "2014.12.22"]
[Round "4"]
[White "Aquaman"]
[Black "Just-Jim"]
[Result "1-0"]
[WhiteElo "1380"]
[BlackElo "1338"]
[Opening "Réti: King's Indian attack (Barcza system)"]
[ECO "A07"]
[Time "16:02:49"]
[TimeControl "2700+45"]

1. Nf3 d5 2. g3 f5 3. Bg2 Nf6 4. O-O e6 5. d3 h6 6. Nbd2 Be7 7. Re1 c5 8. Ne5
O-O 9. Ng6 Rf7 10. Nxe7+ Qxe7 11. Nf3 Nc6 12. b3 b5 13. Nh4 Ng4 14. Bb2 c4 15.
bxc4 bxc4 16. dxc4 Qc5 17. e3 Qxc4 18. Qd3 Ba6 19. Qc3 Kh7 20. Bf1 Qxc3 21. Bxc3
Bxf1 22. Rxf1 Rc8 23. Bb2 Nb4 24. c3 Nd3 25. Rab1 Nxb2 26. Rxb2 Rxc3 27. Nf3
Rfc7 28. h3 Nf6 29. Nd4 Re7 30. Kg2 g5 31. Rfb1 Kg6 32. Rb7 Ng8 33. Rxe7 Nxe7
34. Nxe6 Kf6 35. Nd4 f4 36. gxf4 gxf4 37. exf4 Ng6 38. Ne2 Rc2 39. Kf3 Rxa2 40.
Rb5 Ra3+ 41. Kg2 Rd3 42. Rc5 Kf5 43. Ra5 Nh4+ 44. Kh2 Rd2 45. Ng3+ Kxf4 46. Ra4+
Kf3 47. Rxh4 Rxf2+ 48. Kg1 Kxg3 49. Rxh6 Rh2 50. Rg6+ Kxh3 51. Rh6+ Kg3 52. Rxh2
Kf3 53. Kf1 d4 54. Ke1 Ke3 55. Kd1 d3 56. Ra2 a5 57. Rxa5 Ke4 58. Kd2 Kd4 59.
Ra3 Ke4 60. Rxd3 Ke5 61. Ke2 Ke4 62. Re3+ Kd4 63. Kd2 Kc4 64. Rd3 Kc5 65. Kc3
Kc6 66. Kc4 Kb6 67. Rd5 Kc6 68. Kd4 Kc7 69. Kc5 {Black resigns} 1-0

[Event "Team 45 45 League T63"]
[Site "Internet Chess Club"]
[Date "2014.12.21"]
[Round "4"]
[White "kingsrook"]
[Black "medsurg"]
[Result "1/2-1/2"]
[WhiteElo "1331"]
[BlackElo "1401"]
[Opening "Queen's Indian: 4.Nc3"]
[ECO "E12"]
[Time "19:00:45"]
[TimeControl "2700+45"]

1. d4 Nf6 2. c4 e6 3. Nc3 b6 4. Nf3 Bb7 5. e3 d5 6. Bd3 Be7 7. b3 Nbd7 8. O-O c5
9. Qc2 h6 10. e4 dxe4 11. Nxe4 Nxe4 12. Bxe4 Bxe4 13. Qxe4 O-O 14. Bb2 Nf6 15.
Qe2 Qc7 16. Rad1 Bd6 17. h3 Rfe8 18. Ne5 Rad8 19. Rfe1 cxd4 20. Bxd4 Bb4 21. Rf1
Rxd4 22. Rxd4 Bc3 23. Rfd1 Bxd4 24. Rxd4 Rd8 25. Rxd8+ Qxd8 26. Qd3 Qc7 27. Nf3
e5 28. Nd2 {Game drawn by mutual agreement} 1/2-1/2

[Event "Team 45 45 League T63"]
[Site "Internet Chess Club"]
[Date "2014.12.20"]
[Round "4"]
[White "ChessMaine"]
[Black "uzi"]
[Result "0-1"]
[WhiteElo "1501"]
[BlackElo "1779"]
[Opening "Queen's pawn: Charlick (Englund) gambit"]
[ECO "A40"]
[Time "05:00:53"]
[TimeControl "2700+45"]

1. d4 e5 2. dxe5 Nc6 3. Nf3 Qe7 4. Bg5 Qb4+ 5. Nc3 Qxb2 6. Bd2 Nb4 7. Qc1 Qxa1
8. Qxa1 Nxc2+ 9. Kd1 Nxa1 10. Nd5 Kd8 11. Ng5 Nh6 12. Bc3 c6 13. Nf4 Be7 14. Ne4
Nf5 15. g4 Nh4 16. Nd6 Rf8 17. e4 f6 18. Bc4 fxe5 19. Bxe5 Nf3 20. Nd3 Nxe5 21.
Nxe5 Bxd6 22. Nf7+ Kc7 23. Kc1 Bf4+ 24. Kb2 b5 25. Bb3 Nxb3 {White resigns} 0-1

[Event "Team 45 45 League T63"]
[Site "Internet Chess Club"]
[Date "2014.12.20"]
[Round "4"]
[White "houseofcook"]
[Black "Hal2001"]
[Result "0-1"]
[WhiteElo "1458"]
[BlackElo "1556"]
[Opening "Robatsch (modern) defense"]
[ECO "B06"]
[Time "13:00:50"]
[TimeControl "2700+45"]

1. e4 g6 2. Nf3 Bg7 3. Bc4 c5 4. c3 Nc6 5. O-O Nf6 6. e5 Ng4 7. d4 cxd4 8. cxd4
O-O 9. h3 Nh6 10. Nc3 d6 11. Bf4 dxe5 12. dxe5 e6 13. Qe2 a6 14. Rfd1 Qc7 15.
Bd3 Nf5 16. Bxf5 exf5 17. Rac1 Be6 18. Nd5 Qa5 19. Nf6+ Kh8 20. Ng5 h6 21. Nxe6
fxe6 22. Nd7 Rf7 23. a3 Rd8 24. Nc5 Rxd1+ 25. Qxd1 Re7 26. Qd6 Qb5 27. Nxe6 Bxe5
28. Bxe5+ Qxe5 29. Qxe5+ Nxe5 30. Rc8+ Kh7 31. Rc7 Rxc7 32. Nxc7 Nc4 33. Ne6 b6
34. Nc7 a5 35. Nd5 b5 36. b4 a4 37. Nc7 Nxa3 38. Kf1 Nc2 39. Nxb5 Nxb4 40. Na3
Kg7 41. Ke2 Kf6 42. Kd2 Ke5 43. Kc3 Nd5+ 44. Kc4 Nf4 45. Kb4 Nxg2 46. Kxa4 Nf4
47. Nc4+ Kf6 48. Kb3 Nxh3 49. f3 f4 50. Ne3 fxe3 {White resigns} 0-1

[Event "Team 45 45 League T63"]
[Site "Internet Chess Club"]
[Date "2014.12.22"]
[Round "4"]
[White "PaulRichard"]
[Black "pmxpp"]
[Result "1-0"]
[WhiteElo "1515"]
[BlackElo "1304"]
[Opening "Ruy Lopez: Worrall attack, sharp line"]
[ECO "C86"]
[Time "15:01:10"]
[TimeControl "2700+45"]

1. e4 e5 2. Nf3 Nc6 3. Bb5 a6 4. Ba4 Nf6 5. O-O Be7 6. Qe2 b5 7. Bb3 O-O 8. c3
d6 9. h3 Na5 10. Bc2 c5 11. d3 Re8 12. a4 Bb7 13. Bg5 h6 14. Bd2 Qc7 15. axb5
axb5 16. Na3 Bc6 17. b4 cxb4 18. cxb4 Nb7 19. d4 exd4 20. Nxd4 Bd7 21. Naxb5
Bxb5 22. Qxb5 Bf8 23. f3 Re5 24. Qc6 Qxc6 25. Nxc6 Ree8 26. Bb3 Nd7 27. Bc3 Rxa1
28. Rxa1 Rc8 29. Bd5 Nb6 30. Ra7 Nxd5 31. exd5 Nd8 32. b5 g6 33. Rd7 Nxc6 34.
bxc6 g5 35. Ba5 Bg7 36. Rd8+ Rxd8 37. Bxd8 {Black resigns} 1-0

[Event "Team 45 45 League T63"]
[Site "Internet Chess Club"]
[Date "2014.12.18"]
[Round "4"]
[White "semperfi"]
[Black "seattleblues"]
[Result "1/2-1/2"]
[WhiteElo "1385"]
[BlackElo "1392"]
[Opening "Queen's pawn: Yusupov-Rubinstein system"]
[ECO "A46"]
[Time "21:02:59"]
[TimeControl "2700+45"]

1. d4 Nf6 2. Nf3 e6 3. e3 c5 4. Bd3 cxd4 5. exd4 Nc6 6. c3 Be7 7. O-O d5 8. Nbd2
Bd7 9. b4 a6 10. Bb2 O-O 11. a3 Na7 12. Qe2 Bb5 13. c4 dxc4 14. Nxc4 Nd5 15. Qd2
Rc8 16. Rac1 Rc7 17. Rfe1 Nc6 18. g3 Bf6 19. Nce5 Nxe5 20. dxe5 Bxd3 21. Qxd3
Be7 22. Qe4 Qb8 23. h4 h6 24. Qg4 Rfc8 {Game drawn by mutual agreement} 1/2-1/2

[Event "Team 45 45 League T63"]
[Site "Internet Chess Club"]
[Date "2014.12.21"]
[Round "4"]
[White "smsxman"]
[Black "guyd52"]
[Result "1-0"]
[WhiteElo "1452"]
[BlackElo "1333"]
[Opening "Pirc: classical (two knights) system"]
[ECO "B08"]
[Time "07:02:39"]
[TimeControl "2700+45"]

1. e4 d6 2. d4 Nf6 3. Nc3 g6 4. Nf3 Bg7 5. Bc4 O-O 6. Ng5 e6 7. O-O Nc6 8. Nf3
Na5 9. Bd3 Nc6 10. Bg5 e5 11. d5 Ne7 12. Re1 c6 13. Bxf6 Bxf6 14. a3 a6 15. Be2
b5 16. b4 Bb7 17. h3 Qb6 18. Nh2 Bh4 19. Rf1 Rac8 20. Qd2 Kg7 21. Ng4 Ng8 22. a4
a5 23. axb5 axb4 24. Na4 Qd4 25. Qxd4 exd4 26. bxc6 Bxc6 27. dxc6 Rxc6 28. Bd3
Rb8 29. Rfd1 h5 30. Nh2 Bf6 31. Nb2 b3 32. cxb3 Rxb3 33. Rab1 Rb7 34. Nf3 Re7
35. Bc4 Rc5 36. Bd5 Rec7 37. Nxd4 Ne7 38. Nb3 Rb5 39. Rd3 Be5 40. Kf1 f5 41. g3
fxe4 42. Bxe4 Rb4 43. Bg2 Nf5 44. f4 Bxb2 45. Rxb2 Rc8 46. Bd5 Re8 47. Re2 Reb8
48. g4 hxg4 49. hxg4 Nh4 50. Nd4 Rf8 51. Ne6+ Kh6 52. g5+ Kh5 53. Nxf8 Rxf4+ 54.
Rf2 Kxg5 55. Ne6+ Kh6 56. Rxf4 g5 57. Rf8 g4 58. Rh8+ Kg6 59. Rxh4 Kf5 60. Rh8
g3 61. Rxg3 Ke5 62. Ba2 d5 63. Re3+ Kd6 64. Rd8+ Ke7 65. Rxd5 Kf6 66. Re2 Ke7
67. Nd4+ Kf6 68. Rf5+ Kg6 69. Bb1 Kg7 70. Rg2+ Kh6 71. Rf3 Kh5 72. Rh3# {Black
checkmated} 1-0